Map: Rhoskallian LE

Players

qqq - Winner!

  • Race: Zerg Zerg
  • Spawn Location: 12:00

Massa - Winner!

  • Race: Terran Terran
  • League: Platinum
  • Spawn Location: 11:00

Sjera

  • Race: Terran Terran
  • League: Diamond
  • Spawn Location: 5:00

Christmas

  • Race: Protoss Protoss
  • League: Gold
  • Spawn Location: 6:00

VOD

Have the link to the VOD?

Description

Time

  • Played on: Nov. 6, 2020, 3:53 p.m.
  • Length: 15:54
Show
View Real Time Build Order
Export as new Build Order

qqq Zerg - Winner!

Build Orders: Hatch First 

Get SALT Encoding   

  12  0:04  Drone  
  13  0:09  Drone  
  14  0:37  Hatchery  
  14  0:42  Drone  
  14  1:07  Spawning Pool  
  14  1:09  Overlord  
  13  1:13  Drone  
  13  1:17  Extractor  
  13  1:21  Drone  
  14  1:48  Drone  
  14  1:49  Drone x2  
  17  2:00  Drone  
  18  2:10  Spine Crawler  
  18  2:13  Drone x2  
  18  2:14  Drone  
  20  2:23  Zergling x4  
  20  2:28  Zergling x2  
  23  2:36  Queen  
  25  2:38  Zergling x2  
  26  2:45  Overlord  
  26  2:54  Metabolic Boost  
  26  2:56  Zergling x2  
  26  2:58  Zergling x2  
  28  3:06  Drone x2  
  30  3:14  Zergling x2  
  30  3:16  Zergling x4  
  33  3:22  Baneling Nest  
  33  3:23  Drone  
  33  3:30  Queen  
  35  3:37  Overlord  
  35  3:40  Drone  
  36  3:47  Overlord  
  36  3:53  Overlord  
  36  3:56  Drone, Zergling x2  
  38  4:07  Zergling x4  
  40  4:13  Drone, Zergling x4  
  43  4:23  Zergling x8  
  47  4:24  Zergling x2  
  47  4:30  Drone  
  49  4:34  Spine Crawler  
  45  4:39  Drone  
  46  4:46  Drone  
  46  4:47  Drone  
  46  4:52  Lair  
  48  4:56  Drone  
  48  4:57  Drone  
  50  5:11  Drone x2  
  50  5:12  Drone x2  
  54  5:40  Zergling x2  
  54  5:41  Zergling x8  
  54  5:42  Drone  
  54  5:58  Hatchery  
  52  6:07  Hatchery  
  52  6:08  Spire  
  52  6:09  Spawning Pool  
  52  6:10  Drone x2  
  51  6:13  Extractor x2  
  51  6:18  Drone x2  
  44  7:00  Spore Crawler  
  38  7:01  Drone x3, Spore Crawler  
  38  7:02  Drone x3  
  38  7:06  Hatchery  
  37  7:17  Drone  
  38  7:26  Drone x2  
  38  7:28  Drone x2  
  38  7:29  Drone x2  
  41  7:41  Mutalisk  
  41  7:50  Drone  
  42  7:51  Drone  
  42  7:53  Overlord  
  43  7:58  Overlord  
  43  8:05  Overlord  
  43  8:12  Spine Crawler  
  42  8:20  Mutalisk  
  42  8:21  Mutalisk  
  42  8:25  Drone  
  47  8:31  Mutalisk  
  49  8:35  Drone  
  49  8:36  Drone  
  48  8:43  Drone, Spore Crawler  
  48  9:02  Hatchery  
  47  9:05  Mutalisk  
  49  9:11  Drone  
  49  9:12  Drone  
  51  9:26  Mutalisk x3  
  51  9:28  Drone  
  58  9:50  Mutalisk  
  58  9:55  Drone  
  58  9:56  Drone x5  
  64  10:22  Mutalisk x2  
  64  10:24  Drone x5  
  69  10:36  Mutalisk  
  69  10:37  Overlord  
  69  10:38  Drone x4  
  75  10:47  Extractor  
  75  10:49  Extractor  
  73  10:50  Spine Crawler  
  73  10:51  Spine Crawler  
  73  10:52  Spine Crawler, Spore Crawler  
  73  10:54  Mutalisk  
  73  10:55  Drone x3  
  73  10:56  Drone x2  
  72  11:15  Mutalisk  
  72  11:16  Drone x2  
  72  11:17  Drone x2  
  78  11:23  Extractor  
  78  11:24  Drone  
  78  11:29  Queen  
  78  11:32  Queen  
  82  11:33  Drone  
  82  11:34  Drone x5  
  82  11:36  Spore Crawler  
  87  11:41  Overlord x3  
  87  11:42  Drone  
  88  11:49  Hatchery, Drone  
  88  11:54  Overlord  
  88  12:18  Spine Crawler  
  88  12:20  Spine Crawler  
  88  12:21  Spine Crawler  
  88  12:22  Spine Crawler, Mutalisk  
  84  12:23  Mutalisk, Spine Crawler  
  84  12:24  Drone x5  
  84  12:25  Drone x4  
  96  12:30  Extractor, Queen  
  96  12:32  Extractor  
  96  12:36  Mutalisk x2  
  98  12:44  Hatchery  
  92  12:53  Drone x2  
  92  12:54  Drone x2  
  92  13:02  Zerg Flyer Armor Level 1  
  92  13:06  Hatchery  
  90  13:15  Drone x4  
  92  13:20  Mutalisk x2  
  92  13:21  Mutalisk x3  
  92  13:22  Drone  
  92  13:23  Drone  
  101  14:03  Mutalisk x4  
  101  14:04  Mutalisk  
  101  14:05  Drone  
  101  14:06  Drone x6  
  116  14:47  Drone x2  
  116  14:50  Overlord x5  
  116  14:51  Overlord  
  118  14:59  Extractor  
  117  15:00  Extractor  
  116  15:20  Mutalisk x4  
  122  15:22  Drone x4  
  122  15:23  Drone x5  
  129  15:40  Extractor  
  129  15:41  Extractor  
Show
View Real Time Build Order
Export as new Build Order

Massa Terran - Winner!

Build Orders: Reaper Expand 

Get SALT Encoding   

  12  0:01  SCV  
  13  0:13  SCV  
  14  0:23  Supply Depot  
  14  0:25  SCV  
  15  0:36  Refinery  
  15  0:44  SCV  
  15  0:45  Barracks  
  16  0:57  SCV  
  17  1:09  SCV  
  18  1:21  SCV  
  19  1:32  Reaper  
  20  2:04  Marine  
  20  2:08  Orbital Command, Command Center  
  21  2:21  Factory  
  21  2:24  Supply Depot  
  21  2:26  Barracks  
  21  2:37  SCV  
  22  2:49  SCV, Barracks  
  23  2:54  Marine  
  24  3:05  SCV  
  25  3:09  Widow Mine  
  25  3:12  Marine x2  
  28  3:17  SCV  
  28  3:18  Supply Depot  
  30  3:30  SCV, Marine x2  
  30  3:31  Widow Mine, SCV  
  36  3:37  Marine  
  37  3:48  Marine x2  
  38  3:52  Widow Mine  
  38  3:53  Orbital Command, SCV  
  38  3:55  Marine  
  43  4:05  Marine  
  43  4:06  Marine  
  45  4:14  Widow Mine, Barracks Tech Lab  
  47  4:18  SCV x2  
  47  4:24  Starport  
  49  4:30  SCV x2  
  51  4:46  Marauder  
  51  4:47  Marine  
  51  4:50  Stimpack  
  54  4:54  Supply Depot  
  54  4:59  Supply Depot  
  54  5:00  Supply Depot  
  54  5:16  Marauder, Marine x2  
  58  5:29  SCV x2  
  58  5:33  Marine x2  
  58  5:34  Widow Mine  
  64  5:38  Marauder  
  64  5:41  SCV x2  
  68  5:51  Marine  
  68  5:52  Medivac  
  68  5:55  Widow Mine  
  73  5:59  Marauder  
  75  6:17  Marine  
  75  6:18  Marine  
  77  6:20  Marauder  
  77  6:25  Refinery  
  77  6:29  Barracks, Engineering Bay  
  77  6:30  Barracks  
  77  6:32  Factory Tech Lab  
  77  6:35  Marine x2  
  78  6:51  Supply Depot x3  
  78  6:53  Supply Depot  
  78  6:55  Supply Depot  
  78  6:58  Barracks  
  78  7:12  Marine x3, Medivac  
  83  7:16  Supply Depot  
  83  7:38  Concussive Shells  
  83  7:40  Barracks Tech Lab  
  83  7:42  Medivac  
  85  7:44  Barracks Reactor  
  80  8:08  Siege Tank  
  80  8:11  Marine x4  
  87  8:16  Refinery  
  87  8:23  Marine x2  
  89  8:28  Refinery, Marine, Terran Infantry Weapons Level 1  
  89  8:29  Marine x3  
  89  8:30  Command Center  
  93  8:41  Marine x2  
  94  8:46  Marine  
  94  8:47  Marine x3  
  97  8:58  Marine  
  97  8:59  Marine  
  99  9:04  Marine  
  99  9:05  Marine x3  
  93  9:38  SCV x2  
  95  9:45  Missile Turret x2  
  95  9:46  Missile Turret  
  95  9:50  SCV x2  
  95  9:52  Missile Turret  
  97  9:56  Missile Turret x2  
  97  9:57  Orbital Command  
  95  10:00  Viking  
  95  10:02  SCV x2  
  94  10:14  SCV x2  
  94  10:26  SCV  
  95  10:29  Marauder x2  
  95  10:30  Marine x2, Viking  
  103  10:37  Barracks Reactor  
  103  10:42  SCV x3  
  106  10:48  Marine x2  
  106  10:49  Refinery  
  108  10:50  Marauder  
  108  10:51  Refinery, Marauder  
  108  10:53  Command Center  
  108  10:54  SCV x2  
  108  10:55  SCV  
  115  11:00  Starport Reactor  
  115  11:06  SCV, Marine x2  
  115  11:07  SCV x2  
  115  11:08  Terran Infantry Armor Level 1  
  120  11:12  Marauder x2  
  120  11:14  Armory  
  124  11:18  SCV  
  124  11:23  Marine x2  
  127  11:33  SCV x3, Marauder x2  
  134  11:41  Marine  
  134  11:45  Refinery, SCV x3  
  138  11:51  Refinery, Barracks Tech Lab  
  138  11:53  Marine x2  
  140  11:57  SCV  
  141  12:02  Engineering Bay  
  141  12:03  Supply Depot x2  
  141  12:04  Marine, Supply Depot  
  141  12:05  SCV, Marauder x2, Supply Depot  
  147  12:10  Marine  
  147  12:11  Marine  
  147  12:15  Siege Tank  
  152  12:17  Combat Shield  
  152  12:22  Marine  
  152  12:24  Factory  
  152  12:26  Marauder, Marine  
  152  12:27  Supply Depot  
  152  12:28  Armory, Marine x2  
  152  12:29  Orbital Command, Supply Depot  
  158  12:30  SCV, Supply Depot x2  
  158  12:31  SCV x2  
  158  12:36  Missile Turret  
  161  12:39  Missile Turret  
  161  12:46  Missile Turret  
  161  12:47  Siege Tank  
  164  12:52  Supply Depot  
  164  12:57  Barracks Tech Lab  
  164  12:59  Marauder x3  
  164  13:04  Terran Infantry Weapons Level 2  
  170  13:09  Terran Infantry Armor Level 2  
  170  13:17  Factory Tech Lab  
  170  13:19  Siege Tank  
  173  13:20  Marauder x2  
  173  13:23  Factory  
  170  14:01  Siege Tank x2  
  162  14:03  Marauder x4, Marine x2  
  162  14:08  Medivac  
  170  14:10  Medivac  
  172  14:21  Marine x2  
  178  14:24  Marauder x4  
  182  14:33  Siege Tank x2  
  188  14:38  Medivac  
  188  14:39  Marine x2  
  188  14:40  Medivac  
  198  14:45  Marauder  
  198  14:46  Marauder  
  196  15:05  Siege Tank  
Show
View Real Time Build Order
Export as new Build Order

Sjera Terran 

Build Orders:  

Get SALT Encoding   

  12  0:01  SCV  
  13  0:16  SCV  
  13  0:19  Supply Depot  
  14  0:28  SCV  
  14  0:31  Refinery  
  15  0:41  SCV  
  16  0:47  Barracks  
  16  1:05  SCV  
  17  1:12  Barracks  
  17  1:17  SCV  
  18  1:29  SCV  
  19  1:33  Refinery  
  19  1:52  Marine  
  20  1:55  Orbital Command, Factory  
  20  2:07  Barracks Reactor  
  20  2:13  Barracks Tech Lab  
  20  2:17  Supply Depot  
  20  2:25  SCV  
  21  2:32  Marine  
  22  2:37  SCV  
  22  2:41  Factory Reactor  
  23  2:45  Starport, Marine  
  23  2:46  Marine  
  26  2:51  SCV  
  26  3:00  Stimpack  
  26  3:01  Marine  
  26  3:03  SCV  
  26  3:05  Marine  
  28  3:12  Marine  
  30  3:20  Marine  
  31  3:32  Supply Depot  
  31  3:34  Marine x2, Medivac  
  31  3:38  Medivac  
  31  3:40  Factory Tech Lab, Marine  
  38  3:52  Marine  
  38  3:53  Marine  
  40  3:58  Marine  
  41  4:11  Marine  
  42  4:42  Siege Tank  
  45  4:47  Command Center  
  45  4:48  Combat Shield  
  45  5:02  Marine x2  
  47  5:10  Supply Depot  
  47  5:32  SCV, Marine x2, Medivac, Siege Tank  
  55  5:46  Marine  
  55  5:56  Marine x2  
  55  5:58  SCV  
  49  6:05  Marine  
  49  6:07  Medivac, Siege Tank  
  49  6:08  Medivac  
  57  6:14  Marine x2  
  59  6:23  Marine  
  59  6:25  Engineering Bay  
  57  6:32  Marine x2  
  49  6:39  Liberator  
  49  6:40  Marine  
  53  6:52  Supply Depot  
  53  6:56  Planetary Fortress  
  53  7:00  Missile Turret  
  53  7:31  Marine x2  
  53  7:32  Marine  
  56  7:49  Marine x3  
  56  8:07  Marine x3  
  56  8:08  SCV x2  
  61  8:20  SCV  
  61  8:21  SCV, Barracks  
  61  8:22  Liberator x2  
  61  8:24  Marine  
  61  8:25  Marine x2  
  72  8:30  Concussive Shells  
  72  8:32  Terran Infantry Weapons Level 1  
  72  8:33  SCV x2  
  74  8:34  Missile Turret  
  74  8:43  Marine  
  74  8:45  SCV x2  
  77  8:57  SCV  
  78  9:31  Barracks Reactor  
  78  9:32  Supply Depot  
  78  9:33  Supply Depot  
  78  9:39  Refinery, Command Center  
  78  9:41  Refinery  
  78  9:43  Ghost Academy  
  78  9:54  SCV x2, Marine x3  
  83  10:06  SCV x2  
  68  10:11  Marine x2  
  68  10:12  Marine x3  
  66  10:29  Marine x5  
  66  10:34  Siege Tank  
  68  10:42  SCV x2, Supply Depot  
  67  10:44  Supply Depot  
  67  10:47  Marine x4, Personal Cloaking  
  71  10:54  SCV x2  
  73  10:59  Supply Depot  
  73  11:00  Marine  
  74  11:04  Marine  
  74  11:05  Marine x2  
  74  11:06  SCV x2  
  74  11:07  Siege Tank  
  79  11:13  Marine  
  79  11:17  Marine  
  79  11:18  SCV  
  82  11:21  Factory  
  82  11:22  Marine  
  83  11:25  Armory  
  83  11:28  Terran Infantry Armor Level 1  
  83  11:39  Siege Tank  
  86  11:50  Marine x2  
  86  11:51  Marauder, Marine x2  
  92  11:57  Planetary Fortress  
  90  12:11  Siege Tank  
  90  12:13  Marauder  
  89  12:21  Marine  
  89  12:22  Marine x3  
  93  12:24  Factory Tech Lab  
  93  12:29  Missile Turret  
  93  12:31  Enhanced Shockwaves  
  93  12:32  SCV x2, Missile Turret  
  93  12:33  Missile Turret  
  93  12:34  Marine  
  96  12:39  Marine  
  96  12:40  Marine x3  
  100  12:44  SCV x2  
  101  12:52  Marine  
  101  12:56  SCV  
  101  12:57  Marine  
  104  13:11  Marine x2  
  104  13:12  Marine x2  
  108  13:15  Marine  
  109  13:29  Marine x2  
  109  13:30  Siege Tank x2  
  102  14:05  Marine  
  102  14:06  Marine x4  
  107  14:15  Barracks  
  107  14:17  Barracks  
  107  14:22  Barracks  
  107  14:23  Marine x3, Command Center  
  89  14:43  Marine x5  
  75  14:47  Siege Tank x2  
  75  14:48  Medivac x2  
  74  15:00  Marine  
  74  15:01  Marine x2  
  52  15:14  Marine x2  
  52  15:15  Marine  
  52  15:18  Marine  
  52  15:19  Marine x2  
  55  15:32  Marine x3  
Show
View Real Time Build Order
Export as new Build Order

Christmas Protoss 

Build Orders: Carriers 

Get SALT Encoding   

  12  0:00  Probe (Chrono Boost)  
  13  0:10  Probe (Chrono Boost)  
  14  0:20  Pylon  
  14  0:25  Probe  
  15  0:43  Forge  
  15  0:52  Probe  
  16  1:04  Probe (Chrono Boost)  
  16  1:05  Pylon  
  17  1:16  Probe (Chrono Boost)  
  18  1:25  Photon Cannon  
  18  1:27  Photon Cannon  
  17  1:43  Pylon  
  17  2:05  Assimilator  
  16  2:27  Probe  
  17  2:33  Gateway  
  17  2:39  Probe  
  18  2:44  Pylon  
  18  2:51  Probe (Chrono Boost)  
  18  2:57  Assimilator  
  19  3:03  Probe (Chrono Boost)  
  20  3:09  Probe (Chrono Boost)  
  21  3:25  Nexus  
  21  3:28  Probe (Chrono Boost)  
  22  3:37  Probe (Chrono Boost), Cybernetics Core  
  23  3:42  Probe (Chrono Boost)  
  23  3:43  Pylon  
  23  3:46  Assimilator  
  24  3:50  Assimilator  
  24  3:54  Probe  
  24  3:55  Pylon  
  25  4:06  Probe  
  26  4:18  Probe, Stargate  
  26  4:22  Stargate  
  27  4:26  Protoss Air Weapons Level 1 (Chrono Boost)  
  27  4:30  Probe  
  28  4:35  Pylon  
  28  4:45  Stalker  
  30  5:02  Void Ray (Chrono Boost)  
  30  5:03  Nexus  
  34  5:10  Assimilator  
  34  5:14  Assimilator  
  34  5:21  Void Ray (Chrono Boost)  
  38  5:46  Void Ray (Chrono Boost)  
  42  5:57  Shield Battery  
  42  6:01  Shield Battery  
  42  6:02  Shield Battery  
  41  6:56  Probe  
  42  7:08  Probe, Stargate  
  43  7:09  Stargate  
  43  7:20  Probe  
  44  7:32  Probe  
  45  7:44  Probe  
  42  7:57  Void Ray  
  42  7:59  Void Ray  
  50  8:08  Nexus  
  50  8:22  Pylon  
  50  8:23  Protoss Air Armor Level 1  
  50  8:25  Pylon  
  50  8:28  Pylon  
  50  8:33  Probe (Chrono Boost)  
  50  8:43  Probe (Chrono Boost)  
  50  8:45  Fleet Beacon  
  51  8:48  Probe (Chrono Boost)  
  52  9:00  Probe (Chrono Boost)  
  38  9:09  Probe (Chrono Boost)  
  33  9:11  Probe (Chrono Boost)  
  34  9:19  Probe x2 (Chrono Boost)  
  34  9:24  Probe (Chrono Boost)  
  36  9:28  Probe (Chrono Boost), Void Ray  
  36  9:29  Probe (Chrono Boost)  
  36  9:30  Void Ray  
  38  9:33  Probe (Chrono Boost)  
  38  9:38  Probe (Chrono Boost)  
  49  9:40  Probe (Chrono Boost)  
  49  9:41  Probe (Chrono Boost)  
  49  9:42  Probe (Chrono Boost)  
  51  9:48  Probe  
  51  9:49  Probe  
  51  9:52  Probe  
  54  10:00  Probe  
  54  10:01  Probe  
  54  10:04  Probe (Chrono Boost)  
  54  10:06  Void Ray  
  55  10:07  Void Ray  
  48  10:15  Probe (Chrono Boost)  
  48  10:17  Probe (Chrono Boost)  
  49  10:25  Probe (Chrono Boost)  
  49  10:26  Probe (Chrono Boost)  
  49  10:27  Probe (Chrono Boost)  
  52  10:33  Probe (Chrono Boost)  
  52  10:34  Probe (Chrono Boost)  
  52  10:35  Probe (Chrono Boost)  
  55  10:43  Probe  
  55  10:46  Probe  
  57  10:55  Probe x2  
  59  10:58  Probe  
  57  11:07  Probe  
  57  11:08  Probe  
  57  11:09  Void Ray  
  57  11:10  Probe, Void Ray  
  58  11:13  Flux Vanes  
  66  11:22  Probe (Chrono Boost)  
  68  11:32  Probe (Chrono Boost)  
  68  11:35  Protoss Air Weapons Level 2  
  69  11:40  Probe (Chrono Boost)  
  69  11:45  Probe (Chrono Boost), Pylon  
  70  11:48  Assimilator  
  70  11:52  Void Ray x2  
  70  11:54  Probe  
  70  11:56  Probe  
  80  12:08  Probe  
  80  12:13  Pylon  
  81  12:20  Probe  
  82  12:36  Carrier x2  
  94  13:19  Stargate  
  94  13:22  Stargate  
  94  13:25  Pylon  
  94  13:27  Pylon  
  90  13:40  Carrier x2  
  74  14:21  Probe  
  75  14:27  Carrier x2  
  87  14:33  Probe  
  88  14:45  Probe  
  101  14:51  Nexus  
  101  14:57  Probe  
  102  15:09  Probe  
Tags
 
Add a new tag
Caveats
  • Supply blocks, unpowered buildings, or Contaminate may cause inaccurate times.
  • Supply counts are checked every 10 seconds.